 Dungeon Crawl Stone Soup version 0.23.1 (webtiles) character file.

Game seed: 9506856777917529011

3180 Chiseanne the Fighter (level 9, -3/67 HPs)
             Began as an Octopode Monk on Mar 3, 2019.
             Was an Initiate of Gozag.
             Slain by a two-headed ogre
             ... wielding a +0 giant club
              (11 damage)
             ... on level 8 of the Dungeon.
             The game lasted 00:25:17 (9305 turns).

Chiseanne the Fighter (Octopode Monk)               Turns: 9305, Time: 00:25:18

Health: -3/67      AC:  3    Str: 16    XL:     9   Next: 95%
Magic:  12/18      EV: 19    Int: 14    God:    Gozag
Gold:   61         SH:  0    Dex: 18    Spells: 10/21 levels left

rFire    . . .     SeeInvis +   s - +12 spear of Extremism {venom, Str+5}
rCold    . . .     Gourm    .   (no shield)
rNeg     . . .     Faith    .   (helmet restricted)
rPois    .         Spirit   .   (no amulet)
rElec    .         Reflect  .   u - ring of see invisible
rCorr    .         Harm     .   l - +3 ring of dexterity
MR       .....                  p - +2 ring of protection
Stlth    ++++......             (no ring)
HPRegen  0.21/turn              (no ring)
MPRegen  0.16/turn              (no ring)
                                (no ring)
                                (no ring)

@: confusing touch
A: almost no armour, stealthy swim, amphibious, 8 rings, constrict 8, camouflage
1, gelatinous body 1
a: Potion Petition, Call Merchant, Bribe Branch, Renounce Religion


You were on level 8 of the Dungeon.
You worshipped Gozag.
Gozag was noncommittal.
You were full.

You visited 2 branches of the dungeon, and saw 9 of its levels.

You collected 618 gold pieces.
You spent 557 gold pieces at shops.

Inventory:

Hand Weapons
 a - a +6 mace of protection
 s - the +12 spear of Extremism (weapon) {venom, Str+5}
   (You found it on level 8 of the Dungeon)

   It poisons the flesh of those it strikes.
   It affects your strength (+5).
 w - a +1 hunting sling of freezing
 C - a +0 club
Missiles
 d - 52 bolts
 h - 104 arrows
 j - 268 stones (quivered)
 q - 3 tomahawks
 x - 6 curare-tipped needles
 A - 21 sling bullets
 D - 2 javelins
Jewellery
 l - a +3 ring of dexterity (right tentacle)
 p - a +2 ring of protection (on tentacle)
 u - a ring of see invisible (left tentacle)
Scrolls
 g - a scroll of enchant armour
 i - 2 scrolls of fear
 k - 3 scrolls of remove curse
 t - a scroll of amnesia
Potions
 c - 5 potions of heal wounds
 e - a potion of lignification
 f - a potion of haste
 m - 9 potions of curing
 n - a potion of agility
 o - 2 potions of ambrosia
 r - 2 potions of cancellation
 v - 3 potions of brilliance
 y - a potion of invisibility
 z - a potion of magic {unknown}
 B - a potion of mutation
 E - a potion of berserk rage {unknown}
Comestibles
 b - 21 rations


   Skills:
 * Level 8.5 Fighting
   Level 3.0 Axes
 * Level 8.4 Dodging
 - Level 4.8 Stealth
 * Level 6.5 Spellcasting
 * Level 0.0 Hexes


You had 10 spell levels left.
You knew the following spells:

 Your Spells              Type           Power        Failure   Level  Hunger
a - Apportation           Tloc           #.....       16%         1    None
b - Confusing Touch       Hex            #.....       16%         1    None
c - Confuse               Hex            #.......     41%         3    ##.....
d - Tukima's Dance        Hex            #.......     41%         3    ##.....
e - Dazzling Spray        Conj/Hex       #.....       41%         3    ##.....

Your spell library contained the following spells:

 Spells                   Type           Power        Failure   Level  Hunger
 Animate Skeleton         Necr           N/A          16%         1    None
 Corona                   Hex            #......      16%         1    None
 Summon Small Mammal      Summ           #...         16%         1    None
 Ensorcelled Hibernation  Hex/Ice        #.....       22%         2    #......


Dungeon Overview and Level Annotations

Branches:
Dungeon (8/15)             Temple (1/1) D:6
   Lair: D:8-11

Altars:
Cheibriados
Dithmenos
Elyvilon
Fedhas
Gozag
Hepliaklqana
Kikubaaqudgha
Makhleb
Nemelex Xobeh
Okawaru
Qazlal
Ru
Sif Muna
Trog
Uskayaw
Vehumet
Wu Jian
Xom
Yredelemnul
Zin
The Shining One

Shops:
D:4 *   D:5 }   D:6 =[(=*   D:7 :

Annotations:
D:6 5 runed translucent doors


Innate Abilities, Weirdness & Mutations

You cannot wear most types of armour.
You are very stealthy in the water. (Stealth+)
You are amphibious.
You can wear up to eight rings at the same time.
You can use your tentacles to constrict eight enemies at once.
Your skin changes colour to match your surroundings (Stealth+).
Your rubbery body absorbs attacks. (AC +1, EV +1)


Message History

The two-headed ogre completely misses you.
You barely miss the two-headed ogre.
You squeeze the two-headed ogre, but do no damage.
The two-headed ogre is heavily wounded.
The two-headed ogre hits you with a +0 giant club!
* * * LOW HITPOINT WARNING * * *
The two-headed ogre hits you with a +0 giant club!
* * * LOW HITPOINT WARNING * * *
Evoke which item? (* to show all) (? for menu, Esc to quit)
Attack whom?
Press: ? - help, Dir - move target cursor, f/p - two-headed ogre
Aim: a two-headed ogre, wielding two +0 giant clubs (severely wounded, poisoned, chance to confuse on hit: 46%)
You reach to attack!
You hit the two-headed ogre but do no damage.
The two-headed ogre is severely wounded.
The two-headed ogre hits you with a +0 giant club.
* * * LOW HITPOINT WARNING * * *
The two-headed ogre hits you with a +0 giant club!
You die...
Your body crumbles into a pile of gold.

#...................#
###.......######......#
)....#####..##.......##
.....# #........###
.###.### #........##
.###...# ##.##.##...?.
.##....###...#.# .#.##
...._...)..#.#.##.#.###.
##....##..##...O@.......
#...###..##...########.
###.###......#####
#........$......#
#...............#
.###............
...#..........
....##.......... ...#
#(........#


You could see a two-headed ogre.

Vanquished Creatures
  Sigmund (D:6)
  4 hogs
  A human (D:7)
  3 phantoms
  A sky beast (D:5)
  6 ogres
  2 centaurs (D:6)
  Blork the orc (D:5)
  A wyvern skeleton (D:6)
  3 jellies
  A scorpion (D:6)
  4 howler monkeys
  3 crimson imps
  A bullfrog zombie (D:8)
  A centaur zombie (D:8)
  3 hounds
  4 orc wizards
  4 iguanas
  2 worker ants
  A killer bee zombie (D:5)
  Robin (D:2)
  3 gnolls (D:4)
  8 adders
  A shadow imp (D:4)
  2 oozes
  An adder zombie (D:8)
  2 adder skeletons (D:5)
  9 worms
  A dart slug (D:1)
  2 leopard geckos (D:5)
  23 orcs
  7 bats
  10 giant cockroaches
  16 goblins
  16 hobgoblins
  7 jackals
  5 kobolds
  4 quokkas
  A ball python (D:2)
  6 frilled lizards
  A leopard gecko skeleton (D:4)
  A leopard gecko zombie (D:8)
  8 rats
182 creatures vanquished.

Notes
Turn   | Place    | Note
-------+----------+-------------------------------------------
     0 | D:1      | Chiseanne the Octopode Monk began the quest for the Orb.
     0 | D:1      | Reached XP level 1. HP: 16/16 MP: 1/1
    47 | D:1      | Reached XP level 2. HP: 16/21 MP: 2/2
  1073 | D:2      | Reached XP level 3. HP: 25/26 MP: 3/3
  1529 | D:2      | Reached XP level 4. HP: 31/33 MP: 4/4
  1703 | D:2      | Found a glowing golden altar of the Shining One.
  2067 | D:3      | Noticed Robin
  2320 | D:2      | Killed Robin
  2444 | D:3      | Reached XP level 5. HP: 27/37 MP: 5/5
  3170 | D:3      | Found a shadowy altar of Dithmenos.
  3178 | D:3      | Learned a level 1 spell: Apportation
  3180 | D:3      | Learned a level 1 spell: Confusing Touch
  3366 | D:3      | Found a sacrificial altar of Ru.
  3671 | D:4      | Noticed a phantom
  3681 | D:4      | Killed a phantom
  3681 | D:4      | Reached skill level 1 in Spellcasting
  3681 | D:4      | Reached XP level 6. HP: 30/44 MP: 5/7
  3783 | D:4      | Noticed a phantom
  3795 | D:4      | Killed a phantom
  3795 | D:4      | Reached skill level 5 in Fighting
  3801 | D:4      | Reached skill level 5 in Dodging
  3808 | D:4      | Reached XP level 7. HP: 41/50 MP: 8/10
  3990 | D:4      | Found an iron altar of Okawaru.
  4101 | D:4      | Found Titaes's General Store.
  4108 | D:4      | Bought a cursed -2 ring of evasion for 22 gold pieces
  4108 | D:4      | Bought a scroll of identify for 22 gold pieces
  4108 | D:4      | Bought a scroll of identify for 22 gold pieces
  4108 | D:4      | Bought a potion of curing for 33 gold pieces
  4695 | D:5      | Entered Level 5 of the Dungeon
  4740 | D:5      | Noticed Blork the orc
  4753 | D:5      | Killed Blork the orc
  4982 | D:5      | Found Estriethri's Gadget Boutique.
  5005 | D:5      | Reached XP level 8. HP: 11/57 MP: 11/13
  5283 | D:5      | Found a blossoming altar of Fedhas.
  5873 | D:5      | Found a white marble altar of Elyvilon.
  5882 | D:5      | Found a burning altar of Makhleb.
  6159 | D:6      | Found Lyguts's Antique Armour Shop.
  6393 | D:6      | Found Kyth's Jewellery Boutique.
  6394 | D:6      | Found Joluk's Antique Weapon Emporium.
  6397 | D:6      | Bought a cursed ring of attention for 54 gold pieces
  6397 | D:6      | Bought a cursed ring of teleportation for 54 gold pieces
  6530 | D:6      | Found Ihorr's Jewellery Boutique.
  6559 | D:6      | Found Tatiocs's General Store.
  6559 | D:6      | Noticed Sigmund
  6586 | D:6      | Killed Sigmund
  6588 | D:6      | Reached XP level 9. HP: 48/64 MP: 14/16
  6710 | D:6      | Reached skill level 5 in Spellcasting
  6726 | D:6      | Found a staircase to the Ecumenical Temple.
  6749 | Temple   | Entered the Ecumenical Temple
  7084 | D:6      | Found a runed translucent gate.
  7086 | D:6      | Found a runed translucent door.
  7111 | D:6      | Found a runed translucent gate.
  7118 | D:6      | Found a runed translucent gate.
  7123 | D:6      | Found a runed translucent door.
  7145 | D:6      | Found the +9 staff of Olgreb {rPois}
  8210 | D:7      | Found Xatyrhod's Book Shop.
  8971 | D:8      | Found a deep blue altar of Sif Muna.
  9068 | D:8      | Found an opulent altar of Gozag.
  9075 | D:8      | Became a worshipper of Gozag Ym Sagoz the Greedy
  9107 | D:8      | Found a stormy altar of Qazlal.
  9113 | D:8      | Got an ichor-stained spear
  9122 | D:8      | Identified the +12 spear of Extremism {venom, Str+5} (You
                  | found it on level 8 of the Dungeon)
  9130 | D:8      | Noticed a two-headed ogre
  9196 | D:7      | Bought a book of Maledictions for 350 gold pieces
  9200 | D:7      | Learned a level 3 spell: Confuse
  9205 | D:7      | Learned a level 3 spell: Tukima's Dance
  9209 | D:7      | Learned a level 3 spell: Dazzling Spray
  9305 | D:8      | Slain by a two-headed ogre

Skill      XL: |  1  2  3  4  5  6  7  8  9 |
---------------+----------------------------+-----
Stealth        | 3 4 |  4.8
Fighting       | 4 5 6 7 8 |  8.5
Dodging        | 4 5 7 8 |  8.4
Spellcasting   | 1 2 3 4 6 |  6.5
Axes           | |  3.0

Action                   |  1- 3 |  4- 6 |  7- 9 || total
-------------------------+-------+-------+-------++-------
Melee: Hand axe          |    40 |       |       ||    40
       Constrict         |    17 |    27 |    55 ||    99
       Tentacles         |     8 |    11 |    56 ||    75
       Quarterstaff      |    13 |     7 |       ||    20
       Mace              |       |   107 |   251 ||   358
       Spear             |       |       |     9 ||     9
 Fire: Hunting sling     |       |       |     4 ||     4
 Cast: Confuse           |       |       |     2 ||     2
       Confusing Touch   |       |       |     2 ||     2
Evoke: Wand              |       |     6 |     4 ||    10
  Use: Scroll            |     1 |    14 |    13 ||    28
 Stab: Sleeping          |     9 |     9 |    21 ||    39
       Distracted        |       |     1 |     2 ||     3
       Confused          |       |       |     1 ||     1
  Eat: Chunk             |     2 |     7 |    12 ||    21
       Ration            |       |       |     3 ||     3
Armor: Skin              |     3 |    20 |    41 ||    64
Dodge: Dodged            |    29 |    95 |   219 ||   343
